[Event "*** SCC Grand Prix: Titled Tuesday Blitz"]
[Site "Chess.com"]
[Date "2020.07.07"]
[Round "4"]
[White "maximnovik"]
[Black "sri5996"]
[Result "1/2-1/2"]
[WhiteElo "2492"]
[BlackElo "2295"]
[TimeControl "180+1"]
[EndTime "10:40:47 PDT"]
[Termination "Game drawn by stalemate"]

1. d3 c5 2. d4 d5 3. dxc5 e6 4.
c4 Bxc5 5. Nc3 Nf6 6. e3 O-O 7.
Nf3 a6 8. cxd5 exd5 9. Be2 Nc6 10. O-O Bg4 11. b3 Rc8 12. Bb2 Ba7 13. Rc1 Bb8 14.
h3 Bh5 15. Re1 Qd6 16. g3 Rfe8 17. Nd4 Bg6 18. Nxc6 bxc6 19. Bf3 Ba7 20. Kg2 Ne4 21. Nxe4 Bxe4 22. Bxe4 Rxe4 23. Qf3 Rce8 24. Rc2 d4 25.
Rd1 c5 26. exd4 cxd4 27. Qxe4 Rxe4 28. Rc8+ Qf8 29. Rxf8+ Kxf8 30. Kf3 f5 31. Rc1 Kf7 32. Rc7+ Re7 33. Rxe7+ Kxe7 34. Ke2 d3+ 35. Kxd3 Bxf2 36.
Bxg7 Bxg3 37. b4 Ke6 38. a4 Kd5 39. Bd4 Bd6 40. b5 axb5 41. axb5 Bb8 42. Bf2 Bd6 43. b6 Kc6 44. Kc4 Bb8 45. Bd4 Bg3 46. Kd3 Be1 47. Ke2 Ba5 48. Kf3 Bxb6 49. Bxb6 Kxb6 50. Kf4 Kc6 51.
Kxf5 Kd6 52. Kf6 Kd7 53. Kf7 h5 54. h4 Kd8 55. Kg6 Ke8 56. Kxh5 Kf8 57. Kg6 Kg8 58. h5 Kh8 59. h6 Kg8 60. h7+ Kh8 61. Kh6 1/2-1/2

[Event "*** SCC Grand Prix: Titled Tuesday Blitz"]
[Site "Chess.com"]
[Date "2020.07.07"]
[Round "4"]
[White "Hippotaner"]
[Black "Kopytkin"]
[Result "0-1"]
[WhiteElo "2302"]
[BlackElo "2460"]
[TimeControl "180+1"]
[EndTime "10:40:47 PDT"]
[Termination "Kopytkin won by resignation"]

1. e4 Nf6 2. d3 e5 3. Nd2 Nc6 4.
Ngf3 d5 5. g3 g6 6. Bg2 Bg7 7. O-O O-O 8. Re1 Re8 9. exd5 Nxd5 10. Nc4 f6 11. a4 Bg4 12. h3 Be6 13. Nfd2 Qd7 14. Kh2 Rad8 15. Ne4 b6 16. a5 h6 17. c3 f5 18. Ned2 Nde7 19. axb6 axb6 20. Bf1 Kh7 21.
Qc2 Bf7 22. Nf3 Bxc4 23. dxc4 e4 24. Ng1 Ne5 25. Bf4 N7c6 26. Rad1 Qf7 27. b3 g5 28.
Be3 Kh8 29. Bd4 Rd7 30. b4 Red8 31. Bxe5 Nxe5 32. c5 bxc5 33. bxc5 c6 34. Bg2 Nd3 35. Re2 Nxc5 36. Rxd7 Qxd7 37. f3 Qd3 38. fxe4 Qxc2 39. Rxc2 Nxe4 40. Bxe4 fxe4 41. Ne2 e3 42. Kg2 Rd2 43.
Rc1 Rxe2+ 44. Kf3 Rh2 45. Kxe3 Rxh3 46. Kf3 Be5 47. Re1 Rxg3+ 48. Kf2 Bf4 49. Re8+ Kg7 50.
Re7+ Kg6 51. Re6+ Kh5 52. Rxc6 Rd3 53. c4 g4 54. Rc5+ Kh4 55. Rf5 Bg5 56. c5 Rc3 57. Rd5 Be3+ 58. Kg2 Rxc5 59. Rd1 Bf4 60. Rh1+ Kg5 61.
Rd1 Rc2+ 62. Kf1 h5 63. Rd5+ Kh4 64. Rd3 g3 65. Rd4 Kg4 66. Kg1 h4 67. Rd1 h3 68.
Kf1 Kf3 69. Rd3+ Be3 70. Ke1 Rc1+ 71. Rd1 Rxd1+ 72. Kxd1 g2 73. Kc2 g1=Q 74. Kd3 0-1

[Event "*** SCC Grand Prix: Titled Tuesday Blitz"]
[Site "Chess.com"]
[Date "2020.07.07"]
[Round "4"]
[White "doctorcristian"]
[Black "FMOlexandrProhorov"]
[Result "1-0"]
[WhiteElo "2399"]
[BlackElo "2134"]
[TimeControl "180+1"]
[EndTime "10:40:47 PDT"]
[Termination "doctorcristian won by resignation"]

1. d4 g6 2. e4 Bg7 3. Nc3 c6 4. Be3 d5 5. Qd2 dxe4 6. Nxe4 Nf6 7. Nxf6+ Bxf6 8. O-O-O Nd7 9. h4 h5 10. Nf3 Nb6 11.
Bg5 Nd5 12. Bxf6 Nxf6 13. Ne5 Be6 14. Kb1 Qc7 15. f3 O-O-O 16. Be2 Kb8 17. Qc1 c5 18. c3 cxd4 19. cxd4 Qa5 20. b3 Nd5 21. Kb2 Rc8 22. Nc4 Qb4 23. Qd2 Qxd2+ 24. Rxd2 Rhd8 25. a3 Nf4 26. Bf1 Bf5 27. g3 Nd5 28. Be2 f6 29. Rhd1 b5 30. Na5 Nc3 31. Re1 Nxe2 32. Rexe2 e6 33.
Rf2 Rd6 34. g4 hxg4 35. fxg4 Bxg4 36. Rxf6 Bf5 37. Rf7 a6 38. Rb7+ Ka8 39. Re7 Rh8 40.
Re2 Rxh4 41. Re1 Rh2+ 42. Ka1 Rxd4 43. Nc6 1-0

[Event "*** SCC Grand Prix: Titled Tuesday Blitz"]
[Site "Chess.com"]
[Date "2020.07.07"]
[Round "4"]
[White "Kate1606"]
[Black "ega2006"]
[Result "0-1"]
[WhiteElo "1419"]
[BlackElo "2362"]
[TimeControl "180+1"]
[EndTime "10:40:47 PDT"]
[Termination "ega2006 won by checkmate"]

1. e4 c6 2. d4 d5 3. Nc3 dxe4 4. Nxe4 Bf5 5. Ng3 Bg6 6. h4 h6 7. h5 Bh7 8. Nf3 Nd7 9. Bd3 Bxd3 10. Qxd3 e6 11.
Bd2 Ngf6 12. O-O-O a5 13. Kb1 a4 14. Rhe1 Be7 15. Bf4 Nd5 16. Bd2 a3 17. b3 Qb6 18.
Ne4 N7f6 19. Nxf6+ Bxf6 20. c4 Nb4 21. Bxb4 Qxb4 22.
Qd2 Qd6 23. d5 cxd5 24. cxd5 O-O 25. dxe6 Qc7 26. exf7+ Rxf7 27. Rc1 Qb6 28. Qd5 Rd8 29. Qc4 Qxf2 30. Rc2 Qb6 31. Rf1 Rd7 32. Re2 Qd8 33. Rfe1 Rd1+ 34. Kc2 Rxe1 35. Rxe1 Kf8 36. Nd2 Rc7 37.
Kb1 Rxc4 38. Nxc4 Qd4 39. Kc2 Qc3+ 40. Kd1 Qd3+ 41. Nd2 Bc3 42. Re2 b5 43. Rf2+ Ke7 44. g4 Kd7 45. Re2 Kc7 46. Rf2 Qe3 47. Rf7+ Kc6 48. Rf1 Qxd2# 0-1

[Event "*** SCC Grand Prix: Titled Tuesday Blitz"]
[Site "Chess.com"]
[Date "2020.07.07"]
[Round "4"]
[White "Fusikk"]
[Black "EvgenyT"]
[Result "0-1"]
[WhiteElo "2555"]
[BlackElo "2875"]
[TimeControl "180+1"]
[EndTime "10:40:48 PDT"]
[Termination "EvgenyT won on time"]

1. e4 c6 2. d4 d5 3. exd5 cxd5 4. Bd3 Nc6 5. c3 g6 6. Ne2 Nf6 7. Nd2 Bf5 8. Bxf5 gxf5 9. Ng3 e6 10. Nf3 Qc7 11. O-O h5 12. Bg5 Ne4 13. Bh4 Be7 14.
Bxe7 Qxe7 15. Ne2 O-O-O 16. Nf4 Qc7 17. Nd3 Rdg8 18. Nfe5 Nxe5 19. dxe5 Kb8 20. f3 Nc5 21. Nxc5 Qxc5+ 22. Qd4 Qc7 23. a4 h4 24. h3 Rc8 25. a5 Qc4 26. Ra4 Qe2 27. Rf2 Qe1+ 28. Rf1 Qg3 29. Qf4 Qg7 30. Rf2 Rc6 31. Rb4 a6 32. Rb6 Rc4 33. Qe3 Qf8 34. b3 Qc5 35. Qxc5 Rxc5 36. Rc2 Rxa5 37. Rd6 Kc7 38. c4 Rc5 39. Rb2 dxc4 40. bxc4 Rxc4 41. Rbd2 Kb8 42. Rd7 Rc7 43. R7d6 Rc5 44. Rd7 Rc7 45. R7d6 Ka7 46.
Rb2 Rb8 47. Rb4 b5 48. Rxh4 b4 49. Rd2 b3 50. Rb2 Rc2 51. Rb1 b2 52. Rd4 Rc1+ 53.
Rd1 Rxd1+ 54. Rxd1 b1=Q 0-1

[Event "*** SCC Grand Prix: Titled Tuesday Blitz"]
[Site "Chess.com"]
[Date "2020.07.07"]
[Round "4"]
[White "kuban1991"]
[Black "Orest_Vovk"]
[Result "0-1"]
[WhiteElo "2751"]
[BlackElo "2531"]
[TimeControl "180+1"]
[EndTime "10:40:49 PDT"]
[Termination "Orest_Vovk won on time"]

1. Nf3 h6 2. d4 g5 3. Nc3 Bg7 4.
e4 c5 5. Be3 cxd4 6. Bxd4 Bxd4 7.
Nxd4 Nc6 8. h4 g4 9. Nb3 d6 10. Be2 Nf6 11. Qd2 Be6 12. O-O-O Qb6 13. Rhf1 a5 14.
Bb5 Kf8 15. Kb1 a4 16. Bxa4 Nxe4 17. Nxe4 Rxa4 18. Nc3 Rb4 19. a3 Rc4 20. h5 Bf5 21.
Ka2 Qa6 22. Nd5 Rxc2 23. Qf4 Be6 24. Rfe1 Bxd5 25. Rxd5 Rc4 26. Qd2 Nb4+ 27. Kb1 Nxd5 28. Qxd5 Qc6 29. Qf5 Rg8 30. Na5 Qc5 31. Qxc5 Rxc5 32.
Nxb7 Rb5 33. Nd8 Rb6 34. Rc1 Ke8 35. Nc6 Kd7 36. Nd4 Rg5 37. b4 Rxh5 38. Kb2 Rd5 39. Nb3 e5 40. Rh1 e4 41. Rxh6 Rf5 42. Nd4 Rxf2+ 43.
Kb3 e3 44. Rh4 e2 45. Rxg4 e1=Q 0-1

[Event "*** SCC Grand Prix: Titled Tuesday Blitz"]
[Site "Chess.com"]
[Date "2020.07.07"]
[Round "4"]
[White "volcanoexplorer"]
[Black "Andrii_Prydun"]
[Result "1-0"]
[WhiteElo "2588"]
[BlackElo "2401"]
[TimeControl "180+1"]
[EndTime "10:40:51 PDT"]
[Termination "volcanoexplorer won by resignation"]

1. e4 d5 2. exd5 Qxd5 3. Nc3 Qd6 4. d4 Nf6 5. Nf3 c6 6. g3 Bg4 7. Bg2 e6 8. Bf4 Qd8 9. h3 Bxf3 10. Bxf3 Bd6 11.
Bg5 h6 12. Be3 Bb4 13. Qd3 Qa5 14. Bd2 Qa6 15. Qxa6 Nxa6 16. O-O-O O-O-O 17. a3 Ba5 18. Ne4 Nxe4 19. Bxe4 Rxd4 20. Bxa5 Rxe4 21. Rd2 b6 22. Bc3 f6 23. Rhd1 Nc7 24. f3 Rc4 25. Bd4 e5 26. Bf2 Nd5 27. Rd3 Rd8 28. Be1 e4 29. fxe4 Rxe4 30. b3 b5 31. Kb2 Re2 32. Kb1 Rde8 33. Ba5 Ne3 34. Rd8+ Rxd8 35. Rxd8+ Kb7 36. Rd7+ Kc8 37.
Rxg7 Nxc2 38. Rg6 Nd4 39. Rxf6 Re3 40. Bb4 Rxb3+ 41. Kc1 Rxg3 42. Rxh6 Ne2+ 43. Kd1 Nf4 44. h4 Kb7 45. Rh7+ Kb6 46. h5 a5 47. Be1 Rd3+ 48. Kc2 Rh3 49. Bf2+ c5 50. Rh6+ Kb7 51. Rh7+ Kc6 52.
Rh6+ Kd5 53. Rf6 Rh4 54. Bxh4 Nxh5 55. Rf5+ Kd4 56. Rxh5 1-0

[Event "*** SCC Grand Prix: Titled Tuesday Blitz"]
[Site "Chess.com"]
[Date "2020.07.07"]
[Round "4"]
[White "Zarinur"]
[Black "Djager97"]
[Result "0-1"]
[WhiteElo "2093"]
[BlackElo "2392"]
[TimeControl "180+1"]
[EndTime "10:40:51 PDT"]
[Termination "Djager97 won by checkmate"]

1. e4 e5 2. Nf3 Nc6 3. Nc3 Nf6 4. Bb5 Bb4 5. O-O O-O 6. d3 d6 7. Bg5 Bxc3 8. bxc3 h6 9. Bh4 Be6 10. Re1 g5 11. Bg3 Ne7 12. d4 exd4 13. cxd4 d5 14. e5 Ne4 15. Bd3 Bf5 16. Bxe4 Bxe4 17. Nd2 Bf5 18. h4 Ng6 19. Qh5 Kg7 20. hxg5 Qxg5 21.
Qxg5 hxg5 22. Nf3 g4 23. Nd2 c6 24. c4 Be6 25. c5 Ne7 26. Rab1 Rab8 27. Bh4 Nf5 28.
Bf6+ Kg6 29. Rb4 a5 30. Ra4 b5 31. cxb6 Rxb6 32. Rxa5 Nxd4 33. Be7 Rc8 34. Bc5 Rb2 35. Bxd4 Rxd2 36. Be3 Rc2 37. Rc1 Rxc1+ 38. Bxc1 c5 39. Ba3 c4 40. Bc1 d4 41. Kf1 c3 42. Ke2 Bc4+ 43. Kd1 d3 44. Ra4 d2 45. Ba3 Be6 46. Kc2 Bf5+ 47. Kd1 Rb8 48. Rd4 Rb1+ 49. Ke2 Re1# 0-1

[Event "*** SCC Grand Prix: Titled Tuesday Blitz"]
[Site "Chess.com"]
[Date "2020.07.07"]
[Round "4"]
[White "ajian"]
[Black "Onegust"]
[Result "0-1"]
[WhiteElo "2426"]
[BlackElo "2611"]
[TimeControl "180+1"]
[EndTime "10:40:52 PDT"]
[Termination "Onegust won by resignation"]

1. d4 Nf6 2. c4 e6 3. Nc3 Bb4 4. Qc2 O-O 5. a3 Bxc3+ 6. Qxc3 b6 7. Bg5 d5 8. cxd5 exd5 9. e3 Nbd7 10. Nf3 c5 11.
Bd3 Qe8 12. dxc5 Ne4 13. Bxe4 dxe4 14. Nd4 Ba6 15. c6 Nc5 16. b4 Nd3+ 17. Kd2 Nxf2 18.
Rhb1 Bd3 19. Rc1 Ng4 20. Bf4 Nf6 21. Bd6 Rc8 22. Bxf8 Qxf8 23. Qb3 Qd6 24. g3 Qe5 25. Rc3 Qh5 26. Rxd3 Qxh2+ 27. Kc1 exd3 28. Qxd3 Nd5 29. Qd2 Qxg3 30. Kb2 Qe5 31. Re1 b5 32. Ka2 h6 33.
Rc1 Nb6 34. Nxb5 Qxb5 35. c7 Qd5+ 36. Qxd5 Nxd5 37. Rd1 Nxc7 38. Rc1 Kf8 39. Rc3 Ke7 40. a4 Kd6 41. b5 Re8 42. Rc6+ Kd7 43. Rc3 Nd5 44.
Rd3 Kd6 45. e4 Rxe4 46. Rg3 Rxa4+ 47. Kb3 Rb4+ 48. Ka3 g6 49. Rd3 Rxb5 50. Rf3 f5 0-1

[Event "*** SCC Grand Prix: Titled Tuesday Blitz"]
[Site "Chess.com"]
[Date "2020.07.07"]
[Round "4"]
[White "davigator"]
[Black "IwkooO"]
[Result "1-0"]
[WhiteElo "2318"]
[BlackElo "2572"]
[TimeControl "180+1"]
[EndTime "10:40:52 PDT"]
[Termination "davigator won by resignation"]

1. e4 c5 2. Nf3 e6 3. d4 cxd4 4. Nxd4 Nc6 5. Nc3 a6 6. a3 d6 7. Be3 Nf6 8. f3 d5 9. Nxc6 bxc6 10. e5 Nd7 11. f4 a5 12. Na4 c5 13.
Bb5 d4 14. Bf2 Ba6 15. Bxa6 Rxa6 16. O-O Nb6 17. Nxb6 Qxb6 18. b3 Be7 19. Qg4 O-O 20.
f5 exf5 21. Qxf5 Qe6 22. Qf4 a4 23. Rab1 h6 24. b4 cxb4 25. axb4 a3 26. Qxd4 a2 27. Ra1 Rd8 28. Qe4 Rd5 29. Rfe1 Rd2 30. Be3 Rd8 31. c3 Ra3 32. Bd4 Qc4 33. Qe2 Qxe2 34. Rxe2 Rda8 35. b5 Rb3 36. Rexa2 Rxa2 37. Rxa2 Rxb5 38. Kf2 Bg5 39. Kf3 Kh7 40. Ke4 Kg6 41. Ra6+ Kh7 42. g3 Rb2 43. h4 Bc1 44. Ra7 Kg8 45. Ra8+ Kh7 46. Rf8 Kg6 47. g4 h5 48. gxh5+ Kxh5 49. Rxf7 g6 50. e6 Re2+ 51.
Kd5 Kxh4 52. e7 Bg5 53. Be5 Bxe7 54. Rxe7 Kg4 55. c4 g5 56. c5 Rd2+ 57. Bd4 Kf5 58. c6 g4 59. Rf7+ Kg6 60. Rg7+ Kf5 61. c7 Rc2 62.
Bc5 Kf6 63. Rxg4 1-0

[Event "*** SCC Grand Prix: Titled Tuesday Blitz"]
[Site "Chess.com"]
[Date "2020.07.07"]
[Round "4"]
[White "Pultis"]
[Black "FMJoseHerrera"]
[Result "0-1"]
[WhiteElo "2646"]
[BlackElo "2499"]
[TimeControl "180+1"]
[EndTime "10:40:53 PDT"]
[Termination "FMJoseHerrera won on time"]

1. e4 c5 2. Ne2 e6 3. Nbc3 a6 4. g3 Qc7 5. Bg2 b6 6. O-O Bb7 7. d4 cxd4 8. Nxd4 Nf6 9. Bg5 Be7 10. Re1 d6 11. Bxf6 Bxf6 12. Ndb5 axb5 13. Nxb5 Qe7 14.
Nxd6+ Kf8 15. Nxb7 Bxb2 16. Rb1 Bc3 17. Re3 Be5 18. Rxb6 Rxa2 19. Nd6 Nd7 20. Rc6 g5 21. c3 Kg7 22. Rf3 Rha8 23. Bf1 Ra1 24. Qd2 Bxd6 25.
Rxd6 Ne5 26. Re3 Nc4 27. Qd4+ e5 28. Qxc4 Qxd6 29. Rf3 R8a7 30. Kg2 Qd1 31. Rf5 f6 32. Be2 Qh1+ 33. Kh3 R1a4 34. Qe6 Rf7 35. Bh5 Qf1+ 36. Kg4 Rxe4+ 37. Kf3 Qd1+ 38. Kxe4 Qxh5 39. c4 Qe2+ 40.
Kd5 Qd3+ 41. Kc6 Qd8 42. c5 Rc7+ 43. Kb5 Qd3+ 44. Kb6 Qd8 45. Qxf6+ Qxf6+ 46. Rxf6 Rxc5 47.
Kxc5 Kxf6 48. Kd5 Kf5 49. f3 h5 50. h3 h4 51. g4+ Kf4 52. Ke6 Kxf3 53. Kxe5 Kg3 54.
Kf5 Kxh3 55. Kxg5 Kg3 56. Kf5 h3 57. g5 h2 58. g6 h1=Q 59. g7 Qa8 0-1

[Event "*** SCC Grand Prix: Titled Tuesday Blitz"]
[Site "Chess.com"]
[Date "2020.07.07"]
[Round "4"]
[White "kingofkolkata"]
[Black "politeplayer"]
[Result "0-1"]
[WhiteElo "2402"]
[BlackElo "2243"]
[TimeControl "180+1"]
[EndTime "10:40:53 PDT"]
[Termination "politeplayer won by checkmate"]

1. d4 f5 2. c4 e6 3. Nc3 Nf6 4. f3 d5 5. Qc2 c5 6. cxd5 cxd4 7. Qa4+ Bd7 8. Qxd4 exd5 9. Nxd5 Qa5+ 10. Nc3 Nc6 11. Qe3+ Kf7 12. Bd2 Bc5 13. Qd3 Nb4 14. Qc4+ Be6 15.
Qf4 Nc2+ 16. Kd1 Nxa1 17. Na4 Rhd8 18. e4 Qxa4+ 19. b3 Nxb3 20. axb3 Qxb3+ 21. Ke1 Qb1+ 22. Bc1 Bb4+ 23. Kf2 Rac8 24. Ne2 Bc5+ 25. Be3 Bxe3+ 26. Qxe3 Rd3 27. Qxa7 fxe4 28. Qa4 e3+ 29. Kg3 Rc4 30. Qxc4 Bxc4 31. Nf4 Rc3 32. Bxc4+ Rxc4 33. Rxb1 g5 34. Rxb7+ Ke8 35. Rb6 gxf4+ 36. Kh3 Nd5 37. g3 Rc3 38. gxf4 Nxf4+ 39. Kg4 e2 40. Rb1 Nd3 41. Rb4 e1=Q 42. Re4+ Qxe4+ 43. fxe4 Nf2+ 44. Kf5 Nxe4 45. Kxe4 Rh3 46.
Kf4 Rxh2 47. Kg5 Kf8 48. Kg4 Kg8 49. Kg3 Rh6 50. Kg4 Rg6+ 51. Kh5 Kg7 52. Kh4 Kf6 53. Kh5 Kf5 54. Kh4 Rg7 55. Kh5 Rg6 56. Kh4 Rg1 57.
Kh3 Kf4 58. Kh2 Rg6 59. Kh3 Rg5 60. Kh4 h6 61. Kh3 Kf3 62. Kh4 Rf5 63. Kh3 Rh5# 0-1

[Event "*** SCC Grand Prix: Titled Tuesday Blitz"]
[Site "Chess.com"]
[Date "2020.07.07"]
[Round "4"]
[White "Srisshhhtea"]
[Black "BakaPG"]
[Result "1-0"]
[WhiteElo "2505"]
[BlackElo "2653"]
[TimeControl "180+1"]
[EndTime "10:40:54 PDT"]
[Termination "Srisshhhtea won by resignation"]

1. d4 d5 2. c4 c6 3. Nc3 Nf6 4.
Nf3 e6 5. e3 Nbd7 6. Qc2 Bd6 7.
b3 O-O 8. Be2 Qe7 9. O-O dxc4 10. bxc4 e5 11. h3 Re8 12. Bb2 e4 13. Nd2 b6 14. Rae1 Nf8 15. Qb1 Bf5 16. Bd1 Bg6 17. Ba4 Bc7 18. Ne2 a6 19. Nf4 b5 20. Bc2 Rab8 21.
c5 h5 22. Nxg6 Nxg6 23. f4 exf3 24. Nxf3 Ne4 25. Ne5 Nd2 26. Nxg6 fxg6 27. Qd1 Nxf1 28. Bxg6 Bh2+ 29. Kh1 Rf8 30. e4 Qg5 31. Bf5 Ne3 32.
Qb3+ Nc4 33. Kxh2 Rbe8 34. Bc1 Qd8 35. Qd1 Qc7+ 36. Kh1 Qf7 37. Rf1 g6 38. Bh6 gxf5 39. Bxf8 Qxf8 40. Rxf5 Qg7 41. Qxh5 Rf8 42. Rg5 Rf1+ 43.
Kh2 Rf6 44. Rxg7+ Kxg7 45. Qg5+ Kf7 46. d5 cxd5 47. exd5 Rg6 48. Qf5+ Rf6 49. Qd7+ Kg6 50. c6 Ne5 51. Qe8+ Kf5 52. g4+ Ke4 53. c7 Rf2+ 54. Kg3 Rf3+ 55. Kg2 Rc3 56. c8=Q 1-0

[Event "*** SCC Grand Prix: Titled Tuesday Blitz"]
[Site "Chess.com"]
[Date "2020.07.07"]
[Round "4"]
[White "GrafLermontov"]
[Black "deep306"]
[Result "1/2-1/2"]
[WhiteElo "2489"]
[BlackElo "2649"]
[TimeControl "180+1"]
[EndTime "10:40:54 PDT"]
[Termination "Game drawn by repetition"]

1. d4 e6 2. c4 b6 3. Nc3 Bb7 4. Nf3 Bb4 5. Qc2 f5 6. g3 Nf6 7.
Bg2 O-O 8. O-O a5 9. Bd2 Na6 10. a3 Bxc3 11. Bxc3 Qe7 12. Rab1 Ne4 13. b4 Nxc3 14.
Qxc3 Be4 15. Rb2 d6 16. Rc1 axb4 17. axb4 c5 18. bxc5 bxc5 19. Nd2 Bxg2 20. Kxg2 Nb4 21. Rcb1 f4 22. dxc5 dxc5 23. Nf3 fxg3 24. hxg3 Rf5 25.
Rd2 Raf8 26. Rbd1 e5 27. Rd7 Qe8 28. Rc7 Na6 29. Ra7 Nb8 30. Rd5 Nc6 31. Rc7 Nd4 32. Rcxc5 Nxf3 33. exf3 Qf7 34. f4 Qg6 35. Rxe5 Rxf4 36.
Re2 Qg4 37. Rce5 Rf3 38. R5e3 R3f7 39. c5 h5 40. c6 h4 41. c7 h3+ 42. Kg1 h2+ 43.
Kxh2 Rxf2+ 44. Rxf2 Rxf2+ 45. Kg1 Rf8 46. Qb3+ Kh8 47. Qc3 Qd1+ 48. Re1 Qd6 49. Qe5 Qb6+ 50. Re3 Qb1+ 51. Re1 Qc2 52. Qh5+ Kg8 53. Qd5+ Kh8 54.
Qh5+ Kg8 55. Qd5+ Kh8 56. Qh5+ 1/2-1/2

[Event "*** SCC Grand Prix: Titled Tuesday Blitz"]
[Site "Chess.com"]
[Date "2020.07.07"]
[Round "4"]
[White "Ceejay271"]
[Black "TigranMukhutdinov"]
[Result "0-1"]
[WhiteElo "2328"]
[BlackElo "2521"]
[TimeControl "180+1"]
[EndTime "10:40:54 PDT"]
[Termination "TigranMukhutdinov won on time"]

1. c4 e5 2. g3 Nf6 3. Nf3 Nc6 4. Bg2 h6 5. O-O Bc5 6. Nc3 d6 7. Na4 Bb6 8. Nxb6 axb6 9. d4 O-O 10. dxe5 Nxe5 11.
Nxe5 dxe5 12. b3 c6 13. Qxd8 Rxd8 14. Bb2 Re8 15. Rfd1 Bg4 16. Kf1 Nd7 17. Rd6 f6 18.
a3 Nc5 19. b4 Na4 20. Bc1 Rad8 21. Rxd8 Rxd8 22. Be3 Nc3 23. Bxb6 Rd2 24. Bf3 Be6 25.
Be3 Rc2 26. c5 e4 27. Bg2 Bc4 28. Rc1 Rxc1+ 29. Bxc1 Nxe2 30. Be3 f5 31. Ke1 Nc3 32. Bd4 Na4 33. g4 g6 34. h4 fxg4 35. Bxe4 Kf7 36. Kd2 h5 37. Ke3 Be6 38. Kf4 Bd5 39. Bxd5+ cxd5 40. Ke5 g5 41. hxg5 h4 42. Kf4 h3 43.
Kg3 Kg6 44. Be5 Kxg5 45. Bd4 Kf5 46. Bh8 Ke4 47. Bg7 d4 48. Bf6 d3 49. Bg5 Nc3 50. Bh6 Nd5 51. b5 Nc3 52. c6 bxc6 53. bxc6 Nb5 54.
Bd2 Kd5 55. f3 gxf3 56. Kxh3 Kxc6 57. Kg3 Nd4 58. Kf2 Kb5 59. Be3 Kc4 60. Ke1 Nc2+ 61. Kd2 Nxe3 62. Kxe3 Kc3 0-1

[Event "*** SCC Grand Prix: Titled Tuesday Blitz"]
[Site "Chess.com"]
[Date "2020.07.07"]
[Round "4"]
[White "Belka1989"]
[Black "FrenchMonster2002"]
[Result "0-1"]
[WhiteElo "2275"]
[BlackElo "2446"]
[TimeControl "180+1"]
[EndTime "10:40:55 PDT"]
[Termination "FrenchMonster2002 won by checkmate"]

1. d4 Nf6 2. Nf3 g6 3. Bf4 Bg7 4. e3 O-O 5. Be2 c5 6. c3 b6 7. h3 d6 8. Nbd2 Bb7 9. O-O Nbd7 10. Re1 a6 11. a4 Ra7 12. Qb3 Qa8 13. Bf1 Ne4 14.
Nxe4 Bxe4 15. Nd2 Bc6 16. Bg3 Nf6 17. Rad1 Rb8 18. c4 Ne4 19. Nxe4 Bxe4 20. d5 Bf5 21. e4 Bd7 22. e5 b5 23. axb5 axb5 24.
exd6 bxc4 25. Qxc4 exd6 26. Bxd6 Rxb2 27. Re7 Ba4 28. Rxa7 Qxa7 29. Ra1 Qd7 30. Rxa4 Qxd6 31. Ra8+ Bf8 32. Ra5 Rd2 33. Ra6 Qxd5 34. Qxd5 Rxd5 35. Rc6 Rd1 36. g3 Kg7 37. Kg2 Be7 38. Be2 Rd2 39.
Bf3 Bf6 40. Rxc5 Bd4 41. Rd5 Rxf2+ 42. Kh1 Rxf3 43. Rxd4 Rxg3 44. Kh2 Ra3 45. Rd7 h5 46. Rb7 g5 47. Rb5 Kg6 48. Rb6+ f6 49. Rc6 Re3 50.
Rd6 Kf5 51. Rb6 g4 52. hxg4+ hxg4 53. Rb5+ Kf4 54. Rb4+ Kf3 55. Rb6 f5 56. Rf6 f4 57.
Rf8 Re1 58. Rf7 g3+ 59. Kh3 Rh1# 0-1

[Event "*** SCC Grand Prix: Titled Tuesday Blitz"]
[Site "Chess.com"]
[Date "2020.07.07"]
[Round "4"]
[White "Ural_bogatyr"]
[Black "shnitez"]
[Result "1/2-1/2"]
[WhiteElo "2348"]
[BlackElo "2512"]
[TimeControl "180+1"]
[EndTime "10:40:56 PDT"]
[Termination "Game drawn - insufficient material"]

1. e4 c5 2. Nf3 e6 3. c3 Nf6 4. e5 Nd5 5. d4 cxd4 6. Qxd4 Nc6 7. Qe4 f5 8. Qe2 Rb8 9. g3 b5 10. Bg2 Bc5 11. O-O O-O 12. Rd1 Qb6 13. a4 a6 14.
Nbd2 Bb7 15. Nb3 f4 16. axb5 axb5 17. Nxc5 Qxc5 18. Nd4 Nxd4 19. Rxd4 Nxc3 20. bxc3 f3 21. Qe3 fxg2 22. Rxd7 Qxe3 23. Bxe3 Rf7 24. Rd6 Bd5 25.
Rd1 h6 26. R6xd5 exd5 27. Rxd5 Rc7 28. Bd4 b4 29. cxb4 Rxb4 30. Kxg2 Rc1 31. Be3 Rcc4 32. Rd7 Rb8 33. Bd4 Re8 34. e6 Rxe6 35. Bxg7 Rg6 36.
Bd4 Rcc6 37. Rd8+ Kf7 38. h4 Rcd6 39. Rxd6 Rxd6 40. Be3 Kg6 41. g4 Rd5 42. h5+ Kh7 43.
Kg3 Rb5 44. f4 Rb3 45. Kf3 Ra3 46. g5 hxg5 47. fxg5 Ra6 48. Bf4 Rc6 49. Kg4 Ra6 50. Kf5 Ra5+ 51. Be5 Ra2 52. g6+ Kg8 53. Bf4 Ra1 54. h6 Rh1 55. Kf6 Rh3 56. h7+ Rxh7 57. gxh7+ Kxh7 1/2-1/2

[Event "*** SCC Grand Prix: Titled Tuesday Blitz"]
[Site "Chess.com"]
[Date "2020.07.07"]
[Round "4"]
[White "viditchess"]
[Black "nubair1198"]
[Result "1-0"]
[WhiteElo "3023"]
[BlackElo "2789"]
[TimeControl "180+1"]
[EndTime "10:40:57 PDT"]
[Termination "viditchess won on time"]

1. d4 d5 2. c4 c6 3. Nf3 Nf6 4. e3 Bg4 5. h3 Bh5 6. Nc3 e6 7. g4 Bg6 8. Ne5 Nbd7 9. Nxg6 hxg6 10. Bg2 Bb4 11. Qb3 Qe7 12. Bd2 dxc4 13. Qxc4 e5 14. O-O-O Nb6 15. Qb3 exd4 16. exd4 O-O-O 17. Rhe1 Qd6 18. Qxf7 Qxd4 19. Be3 Qc4 20. Qxc4 Nxc4 21. Bd4 c5 22. Bxf6 gxf6 23. Rxd8+ Rxd8 24. Re7 Rd2 25. Bxb7+ Kd8 26. Re4 Rxb2 27. Rxc4 Bxc3 28. Rxc3 Rxb7 29. Rxc5 Kd7 30. Ra5 g5 31. Ra6 Ke7 32. Kd2 Kf7 33. Ke3 Re7+ 34.
Kf3 Kg6 35. Kg3 Rc7 36. f3 Rd7 37. h4 gxh4+ 38. Kxh4 Rb7 39. f4 Kg7 40. Kg3 Rc7 41. Kf3 Re7 42. a4 Rc7 43. a5 Rc3+ 44. Ke4 Rc4+ 45.
Ke3 Rc7 46. Rd6 Kf7 47. f5 Re7+ 48. Kf4 Rb7 49. a6 Rc7 50. Ke4 Kg7 51. Kd5 Re7 52.
Kc6 1-0

[Event "*** SCC Grand Prix: Titled Tuesday Blitz"]
[Site "Chess.com"]
[Date "2020.07.07"]
[Round "4"]
[White "Oleksandr_Bortnyk"]
[Black "GMKrikor"]
[Result "1-0"]
[WhiteElo "2923"]
[BlackElo "2678"]
[TimeControl "180+1"]
[EndTime "10:40:58 PDT"]
[Termination "Oleksandr_Bortnyk won on time"]

1. e4 g6 2. d4 Bg7 3. Nf3 d6 4. Bd3 Nf6 5. h3 O-O 6. O-O Nc6 7. d5 Nb4 8. Re1 Nxd3 9. cxd3 e6 10. dxe6 Bxe6 11. d4 d5 12. e5 Ne4 13. Nc3 Nxc3 14. bxc3 Qd7 15. a4 a5 16. Bf4 h6 17. Re3 b5 18. Ne1 bxa4 19. Nd3 Rfb8 20. Nc5 Qb5 21. Rg3 Bf5 22. Kh2 a3 23. Rxa3 Qb2 24. Ra4 Qxf2 25.
Be3 Qc2 26. Qf3 c6 27. Ra1 a4 28.
Bf4 Rb1 29. Rxb1 Qxb1 30. e6 fxe6 31. Qe3 Kh7 32. Be5 a3 33. Bxg7 Kxg7 34. Qe5+ Kh7 35.
Nd7 Qb7 36. Nf6+ Kh8 37. Nh5+ Kg8 38. Nf6+ Kf7 39. Nh5 Qe7 40. Qg7+ Ke8 41. Nf6+ Kd8 42. Qh8+ Kc7 43. Nxd5+ exd5 44. Qxa8 Qd6 45. Qa5+ Kc8 46. c4 dxc4 47. Qxa3 Qxa3 48. Rxa3 Bd3 49. Kg3 Kd7 50. Kf4 Kd6 51. Ke3 Bf1 52. Kf2 Bd3 53. g4 g5 54. Ke3 Bf1 55. Ke4 Be2 56. Ra8 1-0

[Event "*** SCC Grand Prix: Titled Tuesday Blitz"]
[Site "Chess.com"]
[Date "2020.07.07"]
[Round "4"]
[White "esrosenberg"]
[Black "Chesswizard_2007"]
[Result "0-1"]
[WhiteElo "2285"]
[BlackElo "2456"]
[TimeControl "180+1"]
[EndTime "10:40:58 PDT"]
[Termination "Chesswizard_2007 won by checkmate"]

1. Nf3 Nf6 2. c4 e6 3. Nc3 Bb4 4.
g4 d5 5. cxd5 Nxd5 6. Nxd5 exd5 7.
Qa4+ Nc6 8. Ne5 Be7 9. Nxc6 Qd7 10. Qd4 Qxc6 11. Qxg7 Bf6 12. Qh6 Bxg4 13. Rg1 Bf5 14. Bh3 Bg6 15. Qe3+ Kf8 16. d3 Re8 17. Qh6+ Bg7 18. Qd2 Qd6 19. Rg2 c5 20. a4 Qe5 21.
a5 h5 22. Ra4 Bh6 23. e3 c4 24. Qb4+ Kg8 25. d4 Qxd4 26. Bd2 Qh4 27. Rxg6+ fxg6 28. Qxb7 Qxh3 29. Qxd5+ Qe6 30. Qb7 Re7 31. Qb8+ Kg7 32.
Qb4 Rhe8 33. Bc3+ Kh7 34. a6 Bg7 35. Qxc4 Qxc4 36. Rxc4 Bxc3+ 37. bxc3 Re6 38. Rc7+ R8e7 39. Rc8 Rxa6 40. Ke2 Ree6 41. Kf3 Kh6 42. h4 Rec6 43. Rh8+ Kg7 44. Ra8 Rf6+ 45. Ke4 Rf7 46. f4 Re6+ 47. Kf3 Rfe7 48. e4 Rxe4 49. Rxa7 Rxa7 50. Kxe4 Kf6 51.
Kd5 Rc7 52. c4 Kf5 53. c5 Kxf4 54. Kd6 Ra7 55. c6 Kg4 56. c7 Rxc7 57. Kxc7 Kxh4 58. Kd6 g5 59. Ke5 g4 60. Kf4 Kh3 61. Ke3 h4 62.
Kf2 g3+ 63. Kg1 Kg4 64. Kh1 h3 65. Kg1 Kf4 66. Kh1 Kf3 67. Kg1 g2 68. Kh2 Kf2 69.
Kxh3 g1=Q 70. Kh4 Qg6 71. Kh3 Qh5# 0-1